 Dungeon Crawl Stone Soup version 0.23-a0-619-g281719c (webtiles) character file.

64428 zishaf the Messiah (level 15, -1/139 HPs)
             Began as a Hill Orc Monk on Dec 22, 2018.
             Was the Champion of Beogh.
             Killed from afar by a naga mage (14 damage)
             ... with an orb of energy
             ... on level 1 of the Snake Pit.
             The game lasted 00:55:05 (24532 turns).

zishaf the Messiah (Hill Orc Monk)                 Turns: 24532, Time: 00:55:06

Health: -1/139     AC: 29    Str: 37    XL:     15   Next: 13%
Magic:  0/26       EV: 10    Int: 10    God:    Beogh [******]
Gold:   1523       SH: 15    Dex: 10    Spells: 14/14 levels left

rFire    . . .     SeeInvis .   a - +4 flail
rCold    . . .     Gourm    .   L - +0 shield
rNeg     + + +     Faith    .   G - +9 plate armour "Didurun" {-Tele rElec rN++ Stlth+}
rPois    .         Spirit   +   X - +2 hat
rElec    +         Reflect  .   S - scarf {Spirit}
rCorr    .         Harm     .   (no gloves)
MR       +....     NoTele   +   o - +1 pair of boots of Moral Flaws {-Cast rN+ Str+8 Dex-3} Stlth ..........NoCast +
                                M - amulet of regeneration
HPRegen  0.73/turn              p - +4 ring of strength
MPRegen  0.20/turn              s - +4 ring of strength

@: lethally poisoned (-1 -> -5)
A: walk on water
a: Smiting, Recall Orcish Followers, Give Item to Named Follower, Resurrection,
Renounce Religion


You were on level 1 of the Snake Pit.
You worshipped Beogh.
Beogh was exalted by your worship.
You were not hungry.

You visited 3 branches of the dungeon, and saw 22 of its levels.
You also visited: Sewer, Ossuary and Volcano.

You collected 1567 gold pieces.
You spent 44 gold pieces at shops.

Inventory:

Hand Weapons
 a - a +4 flail (weapon)
 b - a +0 hunting sling
 I - a +2 antimagic mace
 V - the +9 dagger "Failexuc" {pierce, rElec rPois MP-9 Str+3, unknown}
   (You found it on level 12 of the Dungeon)

   It inflicts extra damage upon your enemies.
   It affects your strength (+3).
   It insulates you from electricity.
   It protects you from poison.
   It affects your magic capacity (-9).
Missiles
 f - 829 stones (quivered)
 z - 198 sling bullets
Armour
 g - a +0 cloak
 o - the +1 pair of boots of Moral Flaws (worn) {-Cast rN+ Str+8 Dex-3}
   (You found it on level 13 of the Dungeon)

   It affects your strength (+8).
   It affects your dexterity (-3).
   It protects you from negative energy.
   It prevents spellcasting.
 G - the +9 plate armour "Didurun" (worn) {-Tele rElec rN++ Stlth+}
   (You found it on level 6 of the Dungeon)

   It insulates you from electricity.
   It greatly protects you from negative energy.
   It prevents most forms of teleportation.
   It makes you more stealthy.
 J - a +1 helmet
 L - a +0 shield (worn)
 S - a scarf of spirit shield (worn)
 X - a +2 hat (worn)
Jewellery
 p - a +4 ring of strength (left hand)
 s - a +4 ring of strength (right hand)
 C - an uncursed ring of see invisible
 F - an uncursed ring of positive energy
 K - a +3 ring of intelligence
 M - an amulet of regeneration (around neck)
 Q - an uncursed ring of ice
Wands
 r - a wand of iceblast (4)
 x - a wand of random effects (24)
 P - a wand of clouds (8)
 Y - a wand of paralysis (12)
Scrolls
 e - 6 scrolls of enchant armour
 h - 8 scrolls of blinking
 i - 20 scrolls of teleportation
 l - 7 scrolls of remove curse
 m - 11 scrolls of amnesia
 A - a scroll of fear
 D - 2 scrolls of enchant weapon
 E - 2 scrolls of fog
 H - a scroll of summoning
 N - 6 scrolls of magic mapping
 O - 2 scrolls of immolation
 W - a scroll of identify
Potions
 d - 5 potions of agility
 j - 4 potions of lignification
 k - 6 potions of flight
 n - 10 potions of heal wounds
 q - 3 potions of berserk rage
 t - 8 potions of brilliance
 u - 7 potions of haste
 v - 4 potions of magic
 w - 4 potions of invisibility
 y - 11 potions of curing
 B - 3 potions of might
 R - 3 potions of mutation
 U - 2 potions of resistance
 Z - 2 potions of cancellation
Comestibles
 c - 29 rations


   Skills:
 + Level 14.9 Fighting
   Level 5.0(7.7) Axes
 - Level 7.6(8.1) Maces & Flails
 - Level 2.0 Slings
 + Level 13.0 Armour
 - Level 3.1 Dodging
 - Level 1.5 Stealth
 * Level 13.9 Shields
 + Level 15.4 Invocations


You had 14 spell levels left.
You didn't know any spells.
Your spell library contained the following spells:

 Spells                   Type           Power        Failure   Level  Hunger
 Confusing Touch          Hex            #.....       88%         1    ##.....
 Freeze                   Ice            #...         88%         1    ##.....
 Shock                    Conj/Air       #...         88%         1    ##.....
 Sting                    Conj/Pois      #...         88%         1    ##.....
 Summon Butterflies       Summ           #.......     88%         1    ##.....
 Poisonous Vapours        Pois/Air       #.....       96%         2    ###....
 Swiftness                Chrm/Air       #.......     96%         2    ###....
 Throw Frost              Conj/Ice       #.....       96%         2    ###....
 Call Canine Familiar     Summ           #.......     99%         3    ####...
 Confuse                  Hex            #.......     99%         3    ####...
 Gell's Gravitas          Tloc           #.........   99%         3    ####...
 Mephitic Cloud           Conj/Pois/Air  #.......     99%         3    ####...
 Ozocubu's Armour         Chrm/Ice       #.......     99%         3    ####...
 Static Discharge         Conj/Air       #.......     99%         3    ####...
 Airstrike                Air            #.........   100%        4    #####..
 Olgreb's Toxic Radiance  Pois           #.......     100%        4    #####..
 Petrify                  Tmut/Erth      #.......     100%        4    #####..
 Summon Ice Beast         Ice/Summ       #.......     100%        4    #####..
 Throw Icicle             Conj/Ice       #.......     100%        4    #####..
 Lightning Bolt           Conj/Air       #.........   100%        5    ######.
 Metabolic Englaciation   Hex/Ice        #.........   100%        5    ######.
 Summon Mana Viper        Hex/Summ       #.......     100%        5    ######.
 Venom Bolt               Conj/Pois      #.........   100%        5    ######.
 Yara's Violent Unravell  Hex/Tmut       #.........   100%        5    ######.
 Summon Hydra             Summ           #.........   100%        7    #######


Dungeon Overview and Level Annotations

Branches:
Dungeon (15/15)            Temple (0/1) D:5            Lair (6/6) D:9
 Shoals (0/4) Lair:2        Snake (1/4) Lair:2        Slime (0/5) Lair:6
    Orc (0/2) D:10         Vaults (0/5) D:13         Depths (0/5) D:15

Altars:
Ashenzari
Cheibriados
Elyvilon
Hepliaklqana
Kikubaaqudgha
Makhleb
Qazlal
Uskayaw
Jiyva

Shops:
D:4 ?   D:6 %   D:12 (   D:14 [:

Annotations:
Lair:2 Nergalle
Snake:1 Urug


Message History

A shock serpent comes into view.
Your orc knight roars a battlecry!
Your orcs go into a battle-frenzy!
The naga mage hits you with a +0 club.
* * * LOW HITPOINT WARNING * * *
You block the naga mage's attack.
You hit the naga mage.
The naga mage is heavily wounded.
You feel sick.
Your orc knight no longer looks unusually strong.
Orgrim roars a battlecry!
Your orc knight goes into a battle-frenzy!
The shock serpent shoots out a bolt of lightning at you!
The bolt of electricity hits the naga mage.
The bolt of electricity hits you! You resist.
* * * LOW HITPOINT WARNING * * *
The bolt of electricity hits Garbold.
The naga mage points at Garbold and mumbles some strange words.
The orb of energy hits you!
You die...

.......# ....^..#
.......# #.....#
###.....## .
##........#. ...
#.4.)†.(....
....)#####o#.<†......
.S....N@ooo.......##.
.....###oo..$#...##
........oo...##### .
......o4...#
....##.....# ...#
####.## ..# #.. ..
#..# #..


You could see a shock serpent, a naga mage, 3 friendly orc knights, the friendly
Brunolf the orc knight, the friendly Garbold the orc knight, the friendly Gorm
the orc knight, the friendly Orbeogh the orc knight, the friendly Orgrim the orc
knight, a friendly orc sorcerer and a friendly red devil.

Vanquished Creatures
  A great orb of eyes (D:15)
  A hydra (D:11)
  A catoblepas (Lair:6)
  A two-headed ogre (D:15)
  A shock serpent (Snake:1)
  2 deep elf archers (D:14)
  A wizard (D:13)
  A necromancer (D:13)
  5 ugly things
  2 cyclopes
  A manticore (D:14)
  2 deep elf magi (D:14)
  2 elephants (Lair:5)
  A centaur zombie (D:10)
  2 black mambas
  A gargoyle (D:14)
  4 spiny frogs
  2 centaur skeletons
  A kobold demonologist (D:14)
  A freezing wraith (D:15)
  4 trolls
  4 hornets
  A tengu conjurer (D:14)
  A polar bear (Lair:4)
  3 meliai (D:14)
  4 slime creatures (D:15)
  7 hippogriffs
  3 dream sheep
  A meliai zombie (D:15)
  2 blink frogs (Lair:6)
  3 spriggans (Lair:6)
  2 wraiths
  A hog (shapeshifter) (D:14)
  18 yaks
  3 fire bats (Lair:4)
  9 humans (D:13)
  Menkaure (D:6)
  3 vampire mosquitoes
  2 hungry ghosts (D:14)
  4 water moccasins
  An ice beast (D:5)
  6 orc warriors
  4 sky beasts
  2 phantoms
  4 black bears
  6 ogres
  10 wolves
  6 boggarts
  A centaur (D:12)
  5 crocodiles
  16 bullfrogs
  A gnoll sergeant (D:11)
  3 water moccasin zombies (Ossuary)
  2 wyvern skeletons
  A scorpion (D:9)
  A water moccasin skeleton (D:10)
  3 killer bees
  2 electric eels (D:10)
  6 wights
  3 howler monkeys
  3 crimson imps
  A quasit (D:5)
  3 hounds
  2 jellies
  2 orc priests
  An iguana (D:12)
  5 orc wizards
  A bullfrog skeleton (D:13)
  6 worker ants
  A hound skeleton (D:5)
  2 mummies (Ossuary)
  Robin (D:2)
  2 gnolls
  A worker ant zombie (D:8)
  10 adders
  A howler monkey skeleton (D:5)
  A river rat (Sewer)
  5 adder zombies
  3 oozes
  An adder skeleton (D:9)
  A worm (D:2)
  2 dart slugs (D:1)
  7 leopard geckos
  10 orcs
  6 ball pythons
  8 giant cockroaches
  2 gnoll zombies (Ossuary)
  12 goblins
  12 hobgoblins
  7 jackals
  6 kobolds
  3 quokkas
  6 bats
  8 frilled lizards
  4 hobgoblin zombies (Ossuary)
  A jackal skeleton (D:9)
  9 kobold zombies (Ossuary)
  A leopard gecko skeleton (D:4)
  An orc zombie (Ossuary)
  12 rats
362 creatures vanquished.

Vanquished Creatures (collateral kills)
  A dire elephant (D:15)
  Snorg (Lair:3)
  Fannar (Lair:2)
  3 vault guards (D:13)
  2 hydras
  Harold (D:9)
  An anaconda (Snake:1)
  2 centaur warriors (D:13)
  3 two-headed ogres
  4 death yaks (Lair:4)
  2 tengu warriors (D:15)
  Nergalle (Lair:2)
  A naga ritualist (Snake:1)
  A deep elf archer (D:15)
  A necromancer (D:13)
  2 manticores
  11 ugly things
  3 slime creatures (D:15)
  16 elephants
  5 black mambas
  A cyclops (D:15)
  A salamander (D:15)
  4 spiny frogs
  2 rust devils (D:8)
  3 centaur zombies
  3 centaur skeletons
  4 komodo dragons
  A freezing wraith (D:15)
  An efreet (D:15)
  A tengu conjurer (D:15)
  A troll (D:11)
  3 meliai (D:14)
  4 polar bears
  2 hornets
  5 dream sheep
  11 blink frogs
  6 hippogriffs
  9 spriggans (Lair:6)
  3 wraiths
  4 shadows
  39 yaks
  2 wyverns
  10 humans (D:13)
  3 basilisks
  3 hungry ghosts
  3 vampire mosquitoes
  A naga (Lair:2)
  An acid dragon (D:11)
  6 porcupines
  12 water moccasins
  4 orc warriors
  5 black bears
  5 ice beasts
  A sky beast (D:9)
  An eye of draining (D:13)
  2 phantoms
  2 centaurs
  16 wolves
  4 boggarts
  3 ogres
  5 crocodiles
  8 bullfrogs
  2 big kobolds
  A scorpion (D:14)
  7 killer bees
  6 wights
  2 crimson imps
  6 orc priests
  A hound (D:10)
  7 orc wizards
  A bullfrog skeleton (D:7)
  An iguana (D:7)
  A worker ant (D:7)
  A hound skeleton (D:7)
  A worker ant zombie (D:8)
  2 gnolls (D:11)
  4 adders
  4 shadow imps
  10 orcs
  3 kobolds (D:10)
  A bush (Lair:2)
  41 fungi
  29 plants
398 creatures vanquished.

Vanquished Creatures (others)
  Urug (Snake:1)
  An orc knight (Lair:2)
  6 orc warriors
  4 orc priests
  6 orc wizards
  26 orcs
  2 shadow imps (D:3)
  12 fungi
  3 plants (Lair:6)
61 creatures vanquished.

Grand Total: 821 creatures vanquished

Notes
Turn   | Place    | Note
-------+----------+-------------------------------------------
     0 | D:1      | zishaf the Hill Orc Monk began the quest for the Orb.
     0 | D:1      | Reached XP level 1. HP: 19/19 MP: 1/1
   107 | D:1      | Reached XP level 2. HP: 26/27 MP: 2/2
   677 | D:1      | Reached XP level 3. HP: 28/33 MP: 3/3
  1153 | D:2      | Found a hide-covered altar of Uskayaw.
  1173 | D:2      | Reached skill level 1 in Armour
  1300 | D:2      | Reached XP level 4. HP: 34/41 MP: 4/4
  1436 | D:2      | Noticed Robin
  1488 | D:2      | Killed Robin
  1488 | D:2      | Reached XP level 5. HP: 13/47 MP: 5/5
  2051 | D:2      | Reached skill level 5 in Fighting
  2762 | D:3      | Reached skill level 5 in Axes
  2763 | D:3      | Reached skill level 1 in Shields
  2786 | D:3      | Found a glowing drain.
  2818 | Sewer    | Entered a sewer
  2899 | Sewer    | Reached XP level 6. HP: 47/56 MP: 6/6
  3226 | D:3      | Found a transporter.
  3252 | D:3      | Found a transporter.
  3283 | D:3      | Became a worshipper of Beogh the Brigand
  3283 | D:3      | Reached * piety under Beogh
  3283 | D:3      | Reached ** piety under Beogh
  3641 | D:3      | Found a burning altar of Makhleb.
  3653 | D:3      | Found a shattered altar of Ashenzari.
  3656 | D:3      | Found a snail-covered altar of Cheibriados.
  3670 | D:3      | Found a stormy altar of Qazlal.
  4076 | D:4      | Found a sand-covered staircase.
  4081 | Ossuary  | Entered an ossuary
  4323 | Ossuary  | Reached skill level 1 in Maces & Flails
  4513 | Ossuary  | Reached skill level 1 in Slings
  4513 | Ossuary  | Reached XP level 7. HP: 48/63 MP: 7/7
  4772 | D:4      | Found Kyth's Magic Scroll Boutique.
  4896 | D:4      | Bought a scroll of identify for 22 gold pieces
  4896 | D:4      | Bought a scroll of identify for 22 gold pieces
  5152 | D:5      | Entered Level 5 of the Dungeon
  5537 | D:5      | Reached *** piety under Beogh
  5744 | D:5      | Reached XP level 8. HP: 38/73 MP: 8/8
  5958 | D:5      | Found a staircase to the Ecumenical Temple.
  6047 | D:5      | Reached skill level 1 in Invocations
  6462 | D:5      | Reached skill level 2 in Invocations
  6486 | D:5      | Reached skill level 3 in Invocations
  6728 | D:6      | Noticed Menkaure
  6740 | D:6      | Killed Menkaure
  7031 | D:6      | Reached skill level 4 in Invocations
  7235 | D:6      | Reached skill level 5 in Invocations
  7684 | D:6      | Reached skill level 5 in Armour
  7684 | D:6      | Reached XP level 9. HP: 76/81 MP: 13/13
  7891 | D:6      | Reached skill level 6 in Invocations
  8134 | D:6      | Found Fusoimez's Food Boutique.
  8536 | D:6      | Got a heavily runed plate armour
  8594 | D:6      | Identified the +9 plate armour "Didurun" {-Tele rElec rN++
                  | Stlth+} (You found it on level 6 of the Dungeon)
  8700 | D:7      | Reached skill level 7 in Invocations
  8756 | D:7      | Found an ancient bone altar of Kikubaaqudgha.
  8778 | D:7      | Gained Garbold as an ally
  9001 | D:7      | Got a pair of distressingly furry boots
  9007 | D:7      | Identified the cursed +0 pair of boots of the Rose {Dex+2
                  | Stlth+} (You found it on level 7 of the Dungeon)
  9197 | D:8      | Reached **** piety under Beogh
  9197 | D:8      | Reached skill level 8 in Invocations
  9635 | D:8      | You fall through a shaft for 2 floors!
  9635 | D:10     | Entered Level 10 of the Dungeon
  9635 | D:10     | Noticed a troll
  9643 | D:10     | Killed a troll
  9652 | D:10     | Noticed a hornet
  9656 | D:10     | Paralysed by a hornet for 1 turns
  9659 | D:10     | Killed a hornet
  9659 | D:10     | Reached skill level 9 in Invocations
  9659 | D:10     | Reached XP level 10. HP: 56/91 MP: 16/16
  9690 | D:10     | Gained Orbeogh as an ally
  9728 | D:10     | Found a staircase to the Orcish Mines.
  9980 | D:9      | Noticed Harold
  9993 | D:9      | Killed Harold
  9993 | D:9      | Reached skill level 10 in Fighting
  9993 | D:9      | Reached skill level 5 in Maces & Flails
 10041 | D:8      | Noticed a rust devil
 10041 | D:8      | Noticed a rust devil
 10048 | D:8      | Killed a rust devil
 10048 | D:8      | Reached skill level 10 in Invocations
 10058 | D:8      | Killed a rust devil
 10156 | D:9      | Reached ***** piety under Beogh
 10690 | D:9      | Noticed a two-headed ogre
 10698 | D:9      | Killed a two-headed ogre
 10894 | D:9      | Found a staircase to the Lair.
 10915 | D:9      | Reached XP level 11. HP: 80/101 MP: 18/18
 11434 | D:10     | Reached skill level 11 in Invocations
 11768 | D:11     | Noticed a brown ugly thing
 11789 | D:11     | Killed a brown ugly thing
 11931 | D:11     | Noticed a purple ugly thing
 11945 | D:11     | Killed a purple ugly thing
 12137 | D:11     | Noticed a seven-headed hydra
 12158 | D:11     | Killed a seven-headed hydra
 12673 | D:12     | Gained Gorm as an ally
 12832 | D:12     | Reached skill level 5 in Shields
 12855 | D:12     | Got a brightly glowing dagger
 13073 | D:12     | Found a hazy altar of Hepliaklqana.
 13075 | D:12     | Found Tymiapt's Antique Weapon Boutique.
 13163 | D:12     | You fall through a shaft for 2 floors!
 13163 | D:14     | Found Etoudig's Antique Armour Shop.
 13236 | D:14     | Reached skill level 12 in Invocations
 13236 | D:14     | Reached XP level 12. HP: 65/112 MP: 14/21
 13449 | D:14     | Reached skill level 10 in Armour
 13455 | D:13     | Noticed a centaur warrior
 13466 | D:13     | Killed a centaur warrior
 13551 | D:13     | Noticed a centaur warrior
 13566 | D:13     | Killed a centaur warrior
 13576 | D:13     | Got a pair of pitted boots
 14018 | D:12     | Reached ****** piety under Beogh
 14050 | D:12     | Identified the +1 pair of boots of Moral Flaws {-Cast rN+
                  | Str+8 Dex-3} (You found it on level 13 of the Dungeon)
 14347 | Lair:1   | Entered Level 1 of the Lair of Beasts
 15026 | Lair:2   | Found a staircase to the Shoals.
 15144 | Lair:2   | Found a staircase to the Snake Pit.
 15333 | Lair:2   | Noticed Fannar
 15334 | Lair:2   | Noticed Urug
 15352 | Lair:2   | Killed Fannar
 15401 | Lair:2   | Gained Orgrim as an ally
 15605 | Lair:2   | You fall through a shaft!
 15864 | Lair:2   | Identified a scroll of acquirement
 15866 | Lair:2   | Got a translucent helmet
 15877 | Lair:2   | Identified the -6 helmet of the Final Beggars {Str+4 Int+3}
                  | (You acquired it on level 2 of the Lair of Beasts)
 16150 | Lair:2   | Noticed Nergalle
 16165 | Lair:2   | Your ally died
 16434 | Lair:3   | Reached skill level 13 in Invocations
 16567 | Lair:3   | You fall through a shaft!
 16600 | Lair:4   | Found a dark tunnel.
 16624 | Volcano  | Entered a volcano
 16643 | Lair:4   | Reached XP level 13. HP: 95/119 MP: 22/22
 16884 | Lair:3   | Noticed Snorg
 16890 | Lair:3   | Killed Snorg
 17312 | Lair:4   | Reached skill level 10 in Shields
 18876 | Lair:6   | Entered Level 6 of the Lair of Beasts
 18885 | Lair:6   | Found a staircase to the Slime Pits.
 18888 | Lair:6   | Found a viscous altar of Jiyva.
 18940 | Lair:6   | Found a white marble altar of Elyvilon.
 19034 | Lair:6   | Reached skill level 14 in Invocations
 19423 | Lair:6   | Reached XP level 14. HP: 79/130 MP: 18/24
 20130 | Lair:6   | Upgraded the game from 0.23-a0-612-gcb482e9 to
                  | 0.23-a0-619-g281719c
 20752 | D:13     | Gained Brunolf as an ally
 20963 | D:13     | Found a gate to the Vaults.
 22063 | D:14     | Found Asmaopn's Book Boutique.
 22231 | D:14     | Reached skill level 15 in Invocations
 22714 | D:15     | Entered Level 15 of the Dungeon
 23087 | D:15     | Found a white marble altar of Elyvilon.
 24005 | D:15     | Reached XP level 15. HP: 139/139 MP: 26/26
 24125 | D:15     | Found a staircase to the Depths.
 24504 | Snake:1  | Entered Level 1 of the Snake Pit
 24525 | Snake:1  | Your ally died
 24532 | Snake:1  | Killed from afar by a naga mage

Vault maps used:
D:1:      dpeg_arrival_pits, minmay_pentomino_t2
D:2:      old_standard_altar, serial_glass, glass_columns_b, glass_columns_c,
          glass_columns_b, glass_columns_c, glass_columns_c, glass_columns_a,
          glass_columns_c, glass_columns_c, glass_columns_c, glass_columns_c,
          glass_columns_b, glass_columns_b, glass_columns_b, glass_columns_a,
          hangedman_glass_teeth, uniq_robin
D:3:      gammafunk_wand_slinger, grunt_temple_overflow_cloverleaf,
          first_ration, portal_sewer_entry_f, minmay_crystal_room
D:4:      nicolae_ossuary_entry_ruins, serial_shops, kennysheep_mini
D:5:      minmay_chambers_of_threes, temple_green, st_stairs_1
D:6:      black_bear_nest_2, serial_shops, shop, uniq_menkaure
D:7:      kiku_gazebo_pond_becter
D:8:      cheibrodos_iron_armory
D:9:      due_lair_maze_entry_diamond, uniq_harold
D:10:     erik_orc_2
D:12:     basic_altar, serial_shops, nicolae_shop_overgrown_old_shop
D:13:     grunt_vaults_entry_tiered
D:14:     minmay_parallelograms, serial_shops, shop, shop
D:15:     hangedman_depths_entry_try_elsewhere_first, hangedman_decor_riveting,
          basic_altar, minmay_shattered_shrine
Lair:2:   minmay_shoals_entry_beasts, minmay_snake_entry_guardpost_small,
          beast_lair_carwin_11, grunt_megastairs_5, uniq_urug, uniq_nergalle,
          uniq_fannar
Lair:3:   serial_bayou_ford_a, uniq_snorg
Lair:4:   nicolae_volcano_entry_batcave, beast_lair_carwin_8, grunt_megastairs_2
Lair:5:   lemuel_fruit_fields, grunt_megastairs_4, lemuel_fruit_fields
Lair:6:   minmay_lair_end_enchanted_forest, slime_altar_1, basic_altar,
          grunt_megastairs_3, serial_bayou_shore_a
Snake:1:  uniq_louise
Sewer:    sewer_co_cracked_pipes
Ossuary:  ossuary_tomb_2
Volcano:  volcano_caves

Skill      XL: |  1  2  3  4  5  6  7  8  9 10 11 12 13 14 15 |
---------------+----------------------------------------------+-----
Fighting       | 4 5 6 7 8 9 10 11 12 13 14 | 14.9
Armour         | 1 2 3 5 6 8 9 10 11 12 13 | 13.0
Dodging        | 3 |  3.1
Axes           | 5 |  5.0
Shields        | 1 3 4 5 9 11 13 | 13.9
Maces & Flails | 1 2 4 6 7 |  7.6
Slings         | 1 2 |  2.0
Invocations    | 5 9 10 12 13 14 15 | 15.4
Stealth        | |  1.5

Action                   |  1- 3 |  4- 6 |  7- 9 | 10-12 | 13-15 || total
-------------------------+-------+-------+-------+-------+-------++-------
Melee: Hand axe          |    98 |   108 |       |       |       ||   206
       Whip              |       |   198 |   361 |   603 |       ||  1162
       Mace              |       |       |     9 |       |       ||     9
       Flail             |       |       |       |   179 |   725 ||   904
 Fire: Hunting sling     |       |     1 |    38 |       |     1 ||    40
Invok: Convert to Beogh  |       |     1 |       |       |       ||     1
       Recall Orcish Fol |       |       |     1 |     6 |     7 ||    14
       Smiting           |       |       |       |     4 |       ||     4
       Give Item to Name |       |       |       |       |     1 ||     1
       Stop Recall       |       |       |       |       |     1 ||     1
Evoke: Wand              |       |       |       |       |     1 ||     1
  Use: Scroll            |       |     7 |     9 |    11 |     7 ||    34
       Potion            |       |       |       |     1 |     1 ||     2
 Stab: Sleeping          |     1 |     1 |       |       |       ||     2
       Distracted        |       |       |     1 |     8 |     8 ||    17
       Confused          |       |       |       |       |     1 ||     1
  Eat: Chunk             |     1 |    10 |    14 |    22 |    17 ||    64
       Ration            |       |       |     2 |     4 |     3 ||     9
Armor: Robe              |     5 |       |       |       |       ||     5
       Ring mail         |    37 |    79 |    25 |       |       ||   141
       Scale mail        |       |       |    37 |       |       ||    37
       Plate armour      |       |       |    74 |   569 |   497 ||  1140
Dodge: Dodged            |    79 |   143 |   159 |   260 |   235 ||   876
Block: Buckler           |       |    31 |    66 |    92 |       ||   189
       Shield            |       |       |       |   307 |   575 ||   882

Table legend:
 A = Non-vault XP
 B = Vault XP
 C = Vault XP percentage of total XP
 D = Non-vault monster count
 E = Vault monster count
 F = Vault count percentage of total count
                 A         B        C        D         E       F
            +---------+---------+-------+---------+---------+-------
      Total |   62861 |   29180 |  31.7 |     467 |     219 |  31.9
            +---------+---------+-------+---------+---------+-------
        D:1 |      38 |       4 |   9.5 |      18 |       2 |  10.0
        D:2 |     128 |      39 |  23.4 |      18 |      13 |  41.9
        D:3 |      62 |      14 |  18.4 |      12 |       6 |  33.3
        D:4 |      55 |       0 |   0.0 |       8 |       0 |   0.0
        D:5 |     771 |     129 |  14.3 |      15 |       8 |  34.8
        D:6 |     817 |     303 |  27.1 |      12 |       2 |  14.3
        D:7 |     594 |       0 |   0.0 |      20 |       0 |   0.0
        D:8 |     767 |     592 |  43.6 |      14 |       4 |  22.2
        D:9 |    1831 |    1600 |  46.6 |      22 |       9 |  29.0
       D:10 |    2897 |     321 |  10.0 |      34 |      10 |  22.7
       D:11 |    3483 |       0 |   0.0 |      27 |       0 |   0.0
       D:12 |    3655 |       0 |   0.0 |      40 |       0 |   0.0
       D:13 |    4969 |    5429 |  52.2 |      29 |      25 |  46.3
       D:14 |   10234 |       0 |   0.0 |      42 |       0 |   0.0
       D:15 |    8898 |    4768 |  34.9 |      30 |      13 |  30.2
     Lair:1 |     988 |       0 |   0.0 |       8 |       0 |   0.0
     Lair:2 |    3728 |    1831 |  32.9 |      24 |       9 |  27.3
     Lair:3 |    3681 |     667 |  15.3 |      20 |       1 |   4.8
     Lair:4 |    2860 |    5010 |  63.7 |      18 |      12 |  40.0
     Lair:5 |    4209 |    1388 |  24.8 |      19 |      10 |  34.5
     Lair:6 |    5535 |    6710 |  54.8 |      31 |      51 |  62.2
    Snake:1 |    2661 |       0 |   0.0 |       6 |       0 |   0.0
      Sewer |       0 |      69 | 100.0 |       0 |      19 | 100.0
    Ossuary |       0 |     306 | 100.0 |       0 |      25 | 100.0
            +---------+---------+-------+---------+---------+-------
